 Dungeon Crawl Stone Soup version 0.23-a0-171-g5ae17c6e89 (webtiles) character file.

361772 PikkenKukken the Wrestler (level 21, -13/180 HPs)
             Began as a Demonspawn Berserker on Sept 14, 2018.
             Was a Follower of Uskayaw.
             Mangled by a deep troll (21 damage)
             ... created by the rage of Trog
             ... on level 3 of the Elven Halls.
             The game lasted 01:33:35 (45949 turns).

PikkenKukken the Wrestler (Demonspawn Berserker)   Turns: 45949, Time: 01:33:36

Health: -13/180    AC: 27    Str: 36    XL:     21   Next: 81%
Magic:  21/21      EV: 18    Int:  8    God:    Uskayaw [*.....]
Gold:   4050       SH:  0    Dex: 15    Spells: 20/20 levels left

rFire    + + .     SeeInvis .     - Unarmed
rCold    + + +     Gourm    .   (no shield)
rNeg     . . .     Faith    +   H - +0 plate armour {rF+}
rPois    .         Spirit   .   (helmet unavailable)
rElec    .         Reflect  .   G - scarf {rC+ rF+}
rCorr    .         Harm     .   P - +2 pair of gloves
MR       +....     Rnd*Tele +   (no boots)
Stlth    ..........             y - amulet of faith
HPRegen  0.80/turn              R - ring "Lakkuah" {+Fly rC+ Str+6 Stlth-}
MPRegen  0.17/turn              E - +6 ring of protection

@: slowed, repel missiles, very slow
A: horns 3, repulsion field 3, cold resistance 1, demonic guardian 3,
regeneration 1, screaming 1, spiny 2, strong 2, teleportitis 1, wild magic 1
}: 1/15 runes: serpentine
a: Stomp, Renounce Religion, Evoke Flight


You were on level 3 of the Elven Halls.
You worshipped Uskayaw.
Uskayaw was noncommittal.
You were not hungry.

You visited 8 branches of the dungeon, and saw 39 of its levels.
You visited the Abyss 2 times.

You collected 5658 gold pieces.
You spent 1608 gold pieces at shops.

Inventory:

Armour
 e - the +1 cloak of the Tuna {rElec rF+}
   (You bought it in a shop on level 2 of the Orcish Mines)

   It protects you from fire.
   It insulates you from electricity.
 G - a scarf of resistance (worn)
 H - a +0 plate armour of fire resistance (worn)
 P - a +2 pair of gloves (worn)
Jewellery
 k - an uncursed ring of protection from cold
 m - an uncursed ring of poison resistance
 o - an uncursed ring of resist corrosion
 p - the amulet of Qeodot {Acrobat +Fly}
   (You found it on level 12 of the Dungeon)

   [amulet of the acrobat]

   It helps you evade while moving and waiting.
   It lets you fly.
 y - an amulet of faith (around neck)
 C - the ring "Sodozx Qibo" {Wiz Str+4}
   (You took it off a deep elf elementalist on level 3 of the Elven Halls)

   [ring of wizardry]

   It improves your spell success rate.
   It affects your strength (+4).
 E - a +6 ring of protection (right hand)
 L - the amulet "Plog" {Gourm rElec Dex+4}
   (You took it off a deep elf death mage on level 3 of the Elven Halls)

   [amulet of the gourmand]

   It allows you to eat raw meat even when not hungry.
   It affects your dexterity (+4).
   It insulates you from electricity.
 Q - the ring "Xase" {rPois MR+ AC+1, unknown}
   (You took it off a deep elf demonologist on level 3 of the Elven Halls)

   [ring of protection]

   It affects your AC (+1).
   It protects you from poison.
   It affects your resistance to hostile enchantments.
 R - the ring "Lakkuah" (left hand) {+Fly rC+ Str+6 Stlth-}
   (You found it on level 2 of the Vaults)

   [ring of protection from cold]

   It affects your strength (+6).
   It protects you from cold.
   It lets you fly.
   It makes you less stealthy.
 U - the ring of Secrets {Str+5 Int+5 Slay-3, unknown}
   (You took it off a deep elf demonologist on level 3 of the Elven Halls)

   [ring of strength]

   It affects your strength (+5).
   It affects your intelligence (+5).
   It affects your accuracy and damage with ranged weapons and melee attacks
   (-3).
Wands
 A - a wand of polymorph (10)
 N - a wand of iceblast (20)
 T - a wand of disintegration (13)
Scrolls
 d - 15 scrolls of remove curse
 l - 5 scrolls of fog
 q - 3 scrolls of magic mapping
 u - 12 scrolls of teleportation
 v - a scroll of brand weapon
 w - 5 scrolls of identify
 z - 3 scrolls of enchant weapon
 I - 3 scrolls of enchant armour
 J - 4 scrolls of blinking
 O - 4 scrolls of fear
 S - 2 scrolls of summoning
Potions
 a - a potion of resistance
 c - 19 potions of curing
 f - 3 potions of brilliance
 i - 8 potions of lignification
 j - a potion of ambrosia
 n - 3 potions of magic
 r - 3 potions of mutation
 s - 5 potions of might
 t - 6 potions of agility
 x - 7 potions of heal wounds
 B - a potion of haste
 D - 3 potions of cancellation
 F - 5 potions of berserk rage
 K - 4 potions of flight
 M - 2 potions of invisibility
Miscellaneous
 g - 2 phantom mirrors
Comestibles
 b - 39 rations
 h - 2 chunks of flesh


   Skills:
 + Level 19.1 Fighting
 + Level 17.7 Armour
 - Level 8.0 Dodging
 * Level 23.5 Unarmed Combat


You had 20 spell levels left.
You didn't know any spells.
Your spell library was empty.

Dungeon Overview and Level Annotations

Branches:
Dungeon (15/15)            Temple (1/1) D:7            Lair (6/6) D:8
  Swamp (4/4) Lair:2        Snake (4/4) Lair:2        Slime (0/5) Lair:6
    Orc (2/2) D:11            Elf (3/3) Orc:2        Vaults (4/5) D:13
  Crypt (0/3) Vaults:2     Depths (0/5) D:15

Altars:
Ashenzari
Cheibriados
Dithmenos
Elyvilon
Fedhas
Hepliaklqana
Kikubaaqudgha
Makhleb
Nemelex Xobeh
Ru
Sif Muna
Trog
Uskayaw
Vehumet
Xom
Zin
Beogh
Jiyva

Shops:
D:7 :   D:15 [   Orc:2 [%*=*   Vaults:4 =

Annotations:
D:15 exclusion: Roxanne, Roxanne
Swamp:2 exclusion: 2 oklob plants


Innate Abilities, Weirdness & Mutations

You have a pair of large horns on your head.
You are surrounded by a strong repulsion field. (EV +4, RMsl)
A powerful demonic guardian rushes to your aid.
You are mostly covered in sharp spines.
Your flesh is cold resistant. (rC+)
Your natural rate of healing is unusually fast.
You occasionally shout uncontrollably at your foes.
Your muscles are very strong. (Str +4)
You are occasionally teleported next to monsters.
Your spells are a little harder to cast, but a little more powerful.


Message History

* * * LOW HITPOINT WARNING * * *
Your Executioner barely misses the deep troll.
Your Executioner hits the deep troll.
Your Executioner hits the deep troll but does no damage.
You punch the stone giant!
You headbutt the stone giant, but do no damage.
The stone giant is almost dead.
Your Executioner hits the deep troll!!
The deep troll dies!
The deep troll completely misses you. The deep troll claws you!
* * * LOW HITPOINT WARNING * * *
The deep troll claws you but does no damage.
Your Executioner hits the stone giant.
Your Executioner hits the stone giant but does no damage. x2
The stone giant closely misses your Executioner.
The deep troll is struck by your spines.
The deep troll bites you.
* * * LOW HITPOINT WARNING * * *
The deep troll claws you!!
You die...

...........#..............,,,** #
.........######.........e.,,,* #
.........##...###.........,,** #
......###.......##........,,** #
..........................,,,* #
.......⌠........⌠.(.......,,,** #
..........................,,,,* #
*..............(C......##.,,⌠,**#
**#.....)....()T@1...###***,,,,*#
###.......)).....### ***,,*#
#'############'# ****#
#.,,,,,,,,,,,,.# #
**,,,,,,,,,,,,*# # ***,,,,,,,,***
# ****,,**** # **** # #


You could see a stone giant (berserk), a deep troll (berserk) and a friendly
Executioner.

Vanquished Creatures
  Mennas (Vaults:3)
  Frederick (Vaults:2)
  Vashnia (Snake:2)
  Nikola (Swamp:3)
  A profane servitor (Abyss:3)
  Jory (Vaults:2)
  A deep elf blademaster (Elf:3)
  A lich (Abyss:4)
  A titan (Vaults:4)
  2 tentacled starspawn
  2 sphinxes
  A deep elf master archer (Elf:3)
  Agnes (Snake:4)
  4 thorn hunters
  8 nagarajas
  A storm dragon (Vaults:4)
  5 deep elf sorcerers
  A ghost moth (Abyss:3)
  6 deep elf elementalists (Elf:3)
  6 vault wardens
  Louise (Elf:2)
  12 ironheart preservers
  7 stone giants
  2 entropy weavers
  9 deep elf demonologists
  9 deep elf annihilators (Elf:3)
  Azrael (D:13)
  Snorg (D:11)
  5 deep elf death magi
  3 fire dragons
  2 ettins (Vaults:4)
  2 great orbs of eyes
  3 deep elf high priests (Elf:3)
  3 yaktaur captains
  An ice dragon (Vaults:4)
  5 ogre magi
  Harold (D:9)
  16 hydras
  15 naga warriors
  4 rakshasas
  3 shambling mangroves
  A peacekeeper (Vaults:1)
  7 vault guards
  Fannar (D:11)
  10 anacondas
  34 two-headed ogres
  Erica (D:9)
  2 death knights
  5 centaur warriors
  A death yak (Lair:4)
  15 alligators
  An orc high priest (Orc:1)
  2 deep troll shamans
  2 deep troll earth magi (Vaults:1)
  20 dancing weapons
  7 naga sharpshooters
  4 shock serpents
  4 thrashing horrors
  A vampire mage (D:15)
  23 deep elf knights
  A shadow wraith (Vaults:4)
  10 skeletal warriors
  2 wretched stars (Abyss:4)
  The ghost of nataq the Epochal, a novice DsFi of Cheibriados (D:7)
  A fire crab (Swamp:4)
  5 salamander mystics
  A sixfirhy (Abyss:3)
  3 spatial maelstroms
  2 flayed ghosts
  A sea snake (Snake:3)
  4 unseen horrors
  6 starcursed masses
  An unseen horror (shapeshifter) (Vaults:3)
  9 deep trolls
  A spriggan druid (Swamp:3)
  A glowing orange brain (Vaults:1)
  10 naga ritualists
  9 ironbrand convokers
  7 wizards
  10 deep elf archers
  10 swamp dragons
  3 necromancers
  2 phantasmal warriors (D:10)
  2 lindwurms
  60 deep elf magi
  18 orc knights
  19 ugly things
  20 mana vipers
  8 orc sorcerers
  4 wolf spiders
  A manticore (D:11)
  9 salamanders
  4 vault sentinels
  8 cyclopes
  2 worldbinders (Abyss:3)
  Joseph (D:8)
  A toenail golem (Abyss:4)
  A frost giant skeleton (D:15)
  3 stone giant skeletons (Vaults:2)
  2 centaur zombies
  32 black mambas
  A sphinx skeleton (Vaults:2)
  20 spiny frogs
  13 guardian serpents
  A gargoyle (D:13)
  16 naga magi
  2 efreet
  A rime drake (shapeshifter) (Vaults:3)
  4 smoke demons
  28 yaktaurs
  A rime drake (Lair:2)
  6 komodo dragons
  3 kobold demonologists (D:13)
  A komodo dragon (shapeshifter) (Vaults:2)
  A freezing wraith (Vaults:4)
  3 ancient zymes (Abyss:3)
  A spriggan skeleton (D:15)
  11 trolls
  A queen bee (D:9)
  A yaktaur skeleton (Vaults:2)
  12 hornets
  2 jumping spiders (Vaults:4)
  A jumping spider (shapeshifter) (Vaults:1)
  6 polar bears
  2 saltlings (Vaults:1)
  7 tyrant leeches
  6 raiju (Abyss:4)
  A meliai (shapeshifter) (Elf:1)
  6 hippogriffs
  Grinder (D:5)
  18 slime creatures
  6 blink frogs
  3 bog bodies
  4 large abominations
  5 dream sheep (Lair:4)
  A deep troll zombie (D:15)
  2 human simulacra
  5 redbacks
  2 ettin skeletons (Vaults:2)
  A spriggan (shapeshifter) (Vaults:2)
  4 shadows
  5 wraiths
  2 air elementals
  An ice dragon skeleton (D:15)
  A yak (shapeshifter) (Vaults:2)
  20 spriggans
  7 fire elementals
  38 yaks
  A water elemental (D:12)
  5 ynoxinuls (Abyss:4)
  A golden eye (Abyss:4)
  3 wyverns
  4 hungry ghosts
  2 chaos spawn (Abyss:3)
  19 humans (D:13)
  A steam dragon (Swamp:4)
  10 vampire mosquitoes
  3 neqoxecs (Abyss:4)
  A yaktaur simulacrum (Vaults:3)
  5 wargs
  14 swamp worms
  2 spatial vortices (Abyss:4)
  60 nagas
  12 insubstantial wisps
  5 porcupines
  A floating eye (shapeshifter) (Vaults:4)
  A hell hound (D:13)
  12 water moccasins
  A deep troll skeleton (Vaults:2)
  6 ice beasts
  58 orc warriors
  4 sky beasts
  A black bear (shapeshifter) (Vaults:1)
  A hornet zombie (D:10)
  An ettin simulacrum (Vaults:3)
  14 swamp drakes
  2 eyes of draining (D:9)
  11 black bears
  5 small abominations
  A phantom (D:9)
  4 boggarts (Lair:6)
  25 ogres
  23 wolves
  7 centaurs
  12 crocodiles
  A centaur (shapeshifter) (Vaults:2)
  3 big kobolds (D:13)
  2 earth elementals
  3 human skeletons (Vaults:2)
  A gnoll sergeant (D:8)
  An ogre simulacrum (Vaults:1)
  13 bullfrogs
  A wyvern skeleton (D:8)
  7 scorpions
  15 killer bees (D:9)
  6 howler monkeys
  8 electric eels
  6 crimson imps
  4 quasits
  6 jellies
  20 orc priests
  2 bullfrog zombies
  6 centaur skeletons
  11 hounds
  20 orc wizards
  2 bullfrog skeletons
  3 iguanas
  Ijyb (D:5)
  3 worker ants
  A hound zombie (D:7)
  A mummy (D:6)
  A hound skeleton (D:4)
  2 howler monkey skeletons
  9 gnolls
  15 adders
  2 shadow imps
  2 ufetubi (Abyss:3)
  2 adder skeletons
  2 worms
  A dart slug (D:2)
  6 leopard geckos
  119 orcs
  5 giant cockroaches
  11 goblins
  6 hobgoblins
  9 jackals
  2 quokkas
  5 ball pythons
  5 bats
  4 frilled lizards
  5 kobolds
  A quokka skeleton (D:6)
  A quokka zombie (D:7)
  6 rats
  2 fungi (Swamp:2)
1579 creatures vanquished.

Vanquished Creatures (collateral kills)
  A tentacled monstrosity (Swamp:3)
  Gastronok (Orc:1)
  An ironheart preserver (Vaults:1)
  A fire dragon (Swamp:4)
  A yaktaur captain (Vaults:3)
  A vault guard (Vaults:1)
  An alligator (Swamp:2)
  2 hydras
  4 two-headed ogres (Vaults:2)
  2 death yaks (Lair:4)
  4 ogre magi
  A deep troll shaman (Vaults:1)
  6 dancing weapons (Elf:2)
  6 naga sharpshooters
  2 deep elf knights
  A slime creature (Swamp:2)
  A storm dragon skeleton (Vaults:3)
  A sea snake (Snake:3)
  2 starcursed masses (Abyss:3)
  A glowing orange brain (Elf:2)
  A deep troll (Elf:3)
  An ironbrand convoker (Vaults:1)
  2 deep elf archers
  5 orc knights
  4 deep elf magi
  A wolf spider (shapeshifter) (Vaults:2)
  2 cyclopes
  A naga mage (Snake:2)
  A black mamba (Snake:4)
  A spiny frog (Lair:5)
  An efreet (Abyss:4)
  A freezing wraith (Vaults:3)
  A yaktaur (Vaults:3)
  2 hornets (Swamp:2)
  2 blink frogs
  A hippogriff (D:11)
  A dream sheep (Lair:4)
  An ettin skeleton (Vaults:3)
  A steam dragon (Lair:2)
  Menkaure (D:5)
  A swamp worm (Swamp:1)
  2 wargs
  4 nagas
  6 orc warriors
  8 ogres
  A boggart (Lair:6)
  3 wights (D:6)
  3 orc priests
  6 orc wizards
  2 gnolls (D:8)
  An adder (D:6)
  11 orcs
  A frilled lizard (D:5)
120 creatures vanquished.

Vanquished Creatures (others)
  A deep elf knight (Elf:2)
  A shadow wraith (Vaults:1)
  An unseen horror (D:10)
  A swamp dragon (Swamp:4)
  A yaktaur (Vaults:4)
  A yaktaur skeleton (Vaults:3)
  2 steam dragons (Swamp:4)
  3 swamp drakes (Swamp:4)
  An eye of draining (Abyss:3)
  An orc wizard (D:11)
  An orc (D:15)
  A briar patch (Swamp:2)
  A crawling corpse (Elf:3)
  A plant (Swamp:2)
  2 starspawn tentacles (Abyss:3)
  4 withered plants
23 creatures vanquished.

Grand Total: 1722 creatures vanquished

Notes
Turn   | Place    | Note
-------+----------+-------------------------------------------
     0 | D:1      | PikkenKukken the Demonspawn Berserker began the quest for
                  | the Orb.
     0 | D:1      | Reached XP level 1. HP: 18/18 MP: 1/1
   244 | D:1      | Gained mutation: You are surrounded by a mild repulsion
                  | field. (EV +2) [demonic ancestry]
   244 | D:1      | Reached XP level 2. HP: 23/24 MP: 2/2
   299 | D:1      | Reached skill level 3 in Unarmed Combat
  1341 | D:2      | Reached XP level 3. HP: 27/29 MP: 3/3
  1887 | D:3      | Reached XP level 4. HP: 35/35 MP: 4/4
  2126 | D:3      | Reached ** piety under Trog
  2155 | D:3      | Reached skill level 4 in Unarmed Combat
  2527 | D:3      | Found a faded altar of an unknown god.
  2645 | D:3      | Gained mutation: You are partially covered in sharp spines.
                  | [demonic ancestry]
  2645 | D:3      | Reached XP level 5. HP: 42/42 MP: 5/5
  2885 | D:4      | Found a shadowy altar of Dithmenos.
  3015 | D:4      | Noticed an ogre
  3022 | D:4      | Killed an ogre
  3022 | D:4      | Gained mutation: You are surrounded by a moderate repulsion
                  | field. (EV +3) [demonic ancestry]
  3022 | D:4      | Reached XP level 6. HP: 48/48 MP: 6/6
  3471 | D:5      | Entered Level 5 of the Dungeon
  3485 | D:5      | Reached skill level 5 in Unarmed Combat
  3904 | D:5      | Noticed a sky beast
  3921 | D:5      | Killed a sky beast
  3921 | D:5      | Reached XP level 7. HP: 55/55 MP: 7/7
  3932 | D:5      | Noticed Grinder
  3994 | D:5      | Killed Grinder
  3994 | D:5      | Reached *** piety under Trog
  3994 | D:5      | Reached skill level 5 in Fighting
  3994 | D:5      | Reached skill level 6 in Unarmed Combat
  4142 | D:5      | Noticed Ijyb
  4152 | D:5      | Killed Ijyb
  4214 | D:5      | Gained mutation: A weak demonic guardian rushes to your
                  | aid. [demonic ancestry]
  4214 | D:5      | Reached XP level 8. HP: 58/63 MP: 8/8
  4255 | D:5      | Found a sacrificial altar of Ru.
  4300 | D:5      | Noticed Menkaure
  4301 | D:5      | Found a radiant altar of Vehumet.
  4308 | D:5      | Killed Menkaure
  4308 | D:5      | Reached skill level 7 in Unarmed Combat
  4343 | D:5      | Found an ancient bone altar of Kikubaaqudgha.
  4344 | D:5      | Found a deep blue altar of Sif Muna.
  4426 | D:5      | Reached skill level 5 in Armour
  4609 | D:6      | Gained mutation: Your muscles are strong. (Str +2) [potion
                  | of mutation]
  4609 | D:6      | Gained mutation: Your mind is acute. (Int +2) [potion of
                  | mutation]
  4609 | D:6      | Gained mutation: You have a pair of small horns on your
                  | head. [potion of mutation]
  4609 | D:6      | Gained mutation: Your natural rate of healing is unusually
                  | fast. [potion of mutation]
  4638 | D:6      | Reached **** piety under Trog
  4662 | D:6      | Reached skill level 8 in Unarmed Combat
  4767 | D:6      | Found a snail-covered altar of Cheibriados.
  4923 | D:7      | Noticed a hornet
  4923 | D:7      | Paralysed by a hornet for 1 turns
  4932 | D:7      | Killed a hornet
  4932 | D:7      | Reached XP level 9. HP: 29/71 MP: 9/9
  5109 | D:7      | Found a staircase to the Ecumenical Temple.
  5120 | D:7      | Found a runed door.
  5120 | D:7      | Noticed nataq's ghost (novice DsFi)
  5255 | D:7      | Found Daupec's Book Boutique.
  5771 | D:7      | Killed nataq's ghost
  5771 | D:7      | Reached skill level 9 in Unarmed Combat
  5863 | D:8      | Noticed a two-headed ogre
  5870 | D:8      | Killed a two-headed ogre
  5942 | D:8      | Gained mutation: You are surrounded by a strong repulsion
                  | field. (EV +4, RMsl) [demonic ancestry]
  5942 | D:8      | Reached XP level 10. HP: 80/80 MP: 10/10
  6101 | D:8      | Noticed Joseph
  6128 | D:8      | Killed Joseph
  6128 | D:8      | Reached skill level 10 in Unarmed Combat
  6198 | D:8      | Reached ***** piety under Trog
  6519 | D:8      | Found a staircase to the Lair.
  6737 | D:9      | Noticed a two-headed ogre
  6743 | D:9      | Killed a two-headed ogre
  6744 | D:9      | Found a shimmering altar of Xom.
  6784 | D:9      | Found a sparkling altar of Nemelex Xobeh.
  6978 | D:9      | Noticed Erica
  6983 | D:9      | Killed Erica
  6983 | D:9      | Received a gift from Trog
  6983 | D:9      | Reached skill level 11 in Unarmed Combat
  7094 | D:9      | Noticed Harold
  7131 | D:9      | HP: 6/123 [Harold/battleaxe (7)]
  7132 | D:9      | Killed Harold
  7135 | D:9      | HP: 1/124 [phantom (7)]
  7264 | D:9      | Mutation became permanent: You have a pair of small horns
                  | on your head. [demonic ancestry]
  7264 | D:9      | Gained mutation: You have a pair of small horns on your
                  | head. [demonic ancestry]
  7264 | D:9      | Reached XP level 11. HP: 89/89 MP: 2/11
  7820 | D:10     | Entered Level 10 of the Dungeon
  8090 | D:10     | Noticed a death knight
  8090 | D:10     | Noticed a skeletal warrior
  8090 | D:10     | Noticed a phantasmal warrior
  8090 | D:10     | Noticed a phantasmal warrior
  8270 | Lair:1   | Entered Level 1 of the Lair of Beasts
  8879 | Lair:1   | Reached skill level 12 in Unarmed Combat
  9869 | Lair:2   | Reached skill level 10 in Fighting
  9879 | Lair:2   | Found a staircase to the Snake Pit.
  9883 | Lair:2   | Noticed a swamp dragon
  9893 | Lair:2   | Killed a swamp dragon
  9899 | Lair:2   | Received a gift from Trog
 10036 | Lair:2   | Found a staircase to the Swamp.
 10193 | Lair:2   | Reached XP level 12. HP: 93/97 MP: 12/12
 10763 | Lair:3   | Received a gift from Trog
 10763 | Lair:3   | Reached skill level 13 in Unarmed Combat
 10981 | Lair:3   | Noticed a seven-headed hydra
 10988 | Lair:3   | Killed a seven-headed hydra
 11759 | Lair:4   | Noticed a death yak
 11759 | Lair:4   | Noticed a death yak
 11759 | Lair:4   | Noticed a death yak
 11765 | Lair:4   | Killed a death yak
 11767 | Lair:4   | Killed a death yak
 11768 | Lair:4   | Killed a death yak
 11831 | Lair:4   | Reached skill level 10 in Armour
 12434 | Lair:5   | Reached skill level 14 in Unarmed Combat
 12528 | Lair:5   | Noticed a four-headed hydra
 12536 | Lair:5   | Killed a four-headed hydra
 13130 | Lair:5   | Noticed a five-headed hydra
 13141 | Lair:5   | Killed a five-headed hydra
 13141 | Lair:5   | Gained mutation: You have a pair of horns on your head.
                  | [demonic ancestry]
 13141 | Lair:5   | Reached XP level 13. HP: 59/106 MP: 13/13
 13503 | Lair:6   | Entered Level 6 of the Lair of Beasts
 14105 | Lair:6   | Received a gift from Trog
 14268 | Lair:6   | Found a viscous altar of Jiyva.
 14268 | Lair:6   | Found a staircase to the Slime Pits.
 14954 | D:10     | Reached skill level 15 in Unarmed Combat
 15568 | D:11     | Noticed Snorg
 15575 | D:11     | Killed Snorg
 15649 | D:11     | Noticed Fannar
 15685 | D:11     | Killed Fannar
 16155 | D:11     | Found a staircase to the Orcish Mines.
 16170 | Orc:1    | Entered Level 1 of the Orcish Mines
 16223 | Orc:1    | Reached XP level 14. HP: 100/116 MP: 14/14
 16348 | Orc:1    | Found a roughly hewn altar of Beogh.
 16397 | Orc:2    | Entered Level 2 of the Orcish Mines
 16416 | Orc:2    | Found a staircase to the Elven Halls.
 16515 | Orc:1    | Received a gift from Trog
 16770 | Orc:1    | Noticed Gastronok
 16951 | Orc:1    | Killed Gastronok
 17187 | Orc:2    | Found Vuophutu's Antique Armour Boutique.
 17187 | Orc:2    | Found Soylit's Food Emporium.
 17381 | Orc:2    | Bought a heavily runed cloak for 161 gold pieces
 17391 | Orc:2    | Identified the +1 cloak of the Tuna {rElec rF+} (You bought
                  | it in a shop on level 2 of the Orcish Mines)
 17477 | Orc:2    | Found Tuonn's Tempting Trifles.
 17598 | Orc:2    | Found a roughly hewn altar of Beogh.
 17613 | Orc:2    | Received a gift from Trog
 17626 | Orc:2    | Found Yhuwimp's General Store.
 17659 | Orc:2    | Found Xepeghil's Jewellery Emporium.
 17696 | Orc:2    | Bought an uncursed ring of poison resistance for 260 gold
                  | pieces
 17869 | Orc:2    | Bought a shiny plate armour for 442 gold pieces
 18052 | Swamp:1  | Entered Level 1 of the Swamp
 18101 | Swamp:1  | Noticed a thorn hunter
 18112 | Swamp:1  | Killed a thorn hunter
 18112 | Swamp:1  | Reached skill level 16 in Unarmed Combat
 19542 | Swamp:2  | Noticed a thorn hunter
 19559 | Swamp:2  | Killed a thorn hunter
 19684 | Swamp:2  | Noticed a thorn hunter
 19695 | Swamp:2  | Killed a thorn hunter
 19743 | Swamp:2  | Noticed a thorn hunter
 19763 | Swamp:2  | Killed a thorn hunter
 19893 | Swamp:3  | Gained mutation: You are mostly covered in sharp spines.
                  | [demonic ancestry]
 19893 | Swamp:3  | Reached XP level 15. HP: 108/124 MP: 15/15
 20417 | Swamp:3  | Reached skill level 17 in Unarmed Combat
 20539 | Swamp:3  | Reached ****** piety under Trog
 20702 | Swamp:3  | Noticed a tentacled monstrosity
 20716 | Swamp:3  | Killed a tentacled monstrosity
 21244 | Snake:1  | Entered Level 1 of the Snake Pit
 21258 | Snake:1  | Received a gift from Trog
 22030 | Snake:2  | Noticed Vashnia
 22406 | Snake:2  | Killed Vashnia
 22514 | Snake:2  | Received a gift from Trog
 22518 | Snake:2  | Reached skill level 18 in Unarmed Combat
 22573 | Snake:2  | Reached XP level 16. HP: 116/134 MP: 16/16
 22940 | Snake:2  | Identified a scroll of acquirement
 23880 | Swamp:4  | Entered Level 4 of the Swamp
 24074 | Swamp:4  | Noticed Nikola
 24145 | Swamp:3  | Killed Nikola
 24145 | Swamp:3  | Reached skill level 15 in Fighting
 24298 | Swamp:4  | Received a gift from Trog
 25387 | Snake:4  | Entered Level 4 of the Snake Pit
 25397 | Snake:4  | Reached skill level 19 in Unarmed Combat
 25767 | Snake:4  | Reached XP level 17. HP: 142/142 MP: 17/17
 26939 | Snake:4  | Received a gift from Trog
 26950 | Snake:4  | Noticed Agnes
 26963 | Snake:4  | Killed Agnes
 28119 | Snake:4  | Got a serpentine rune of Zot
 28368 | D:11     | Reached skill level 20 in Unarmed Combat
 28592 | Elf:1    | Entered Level 1 of the Elven Halls
 28644 | Elf:1    | Noticed a Brimstone Fiend
 28646 | Elf:1    | Noticed a Tzitzimitl
 28657 | Elf:1    | Received a gift from Trog
 28734 | Elf:1    | You fall through a shaft!
 29135 | Elf:1    | Reached skill level 15 in Armour
 29189 | Elf:1    | Gained mutation: A demonic guardian rushes to your aid.
                  | [demonic ancestry]
 29189 | Elf:1    | Reached XP level 18. HP: 125/151 MP: 18/18
 29514 | Elf:1    | Received a gift from Trog
 29579 | Elf:1    | You fall through a shaft!
 29712 | Elf:2    | Found a huge runed gate.
 29712 | Elf:2    | Found a huge runed gate.
 29712 | Elf:2    | Found a huge runed gate.
 29712 | Elf:2    | Found a huge runed gate.
 29715 | Elf:2    | Found a huge runed gate.
 29844 | Elf:2    | Cast into level 4 of the Abyss (a deep elf sorcerer)
 29880 | Abyss:4  | Noticed a lich
 29886 | Abyss:4  | Killed a lich
 30071 | Abyss:4  | Gained mutation: You occasionally shout uncontrollably at
                  | your foes. [a neqoxec]
 30075 | Abyss:4  | Received a gift from Trog
 30075 | Abyss:4  | Gained mutation: Potions are less effective at restoring
                  | your health. [a neqoxec]
 30317 | Elf:2    | Escaped the Abyss
 30722 | Elf:2    | Reached skill level 5 in Dodging
 30943 | Elf:2    | Noticed Louise
 30960 | Elf:2    | Killed Louise
 31019 | Elf:2    | Received a gift from Trog
 31559 | D:12     | Got a translucent silver amulet
 32078 | D:12     | Identified the amulet of Qeodot {Acrobat +Fly} (You found
                  | it on level 12 of the Dungeon)
 32195 | D:13     | Found a roughly hewn altar of Beogh.
 32227 | D:13     | Lost mutation: Potions are less effective at restoring your
                  | health. [potion of mutation]
 32227 | D:13     | Lost mutation: Your mind is acute. (Int +2) [potion of
                  | mutation]
 32227 | D:13     | Gained mutation: Your muscles are very strong. (Str +4)
                  | [potion of mutation]
 32227 | D:13     | Gained mutation: Your spells are a little harder to cast,
                  | but a little more powerful. [potion of mutation]
 32227 | D:13     | Gained mutation: Your flesh is cold resistant. (rC+)
                  | [potion of mutation]
 32433 | D:13     | Noticed Azrael
 32455 | D:13     | Killed Azrael
 32637 | D:13     | Received a gift from Trog
 32686 | D:13     | Found a gate to the Vaults.
 32778 | D:13     | Reached skill level 21 in Unarmed Combat
 32975 | D:13     | Reached XP level 19. HP: 143/161 MP: 19/19
 33943 | D:14     | Found a shattered altar of Ashenzari.
 34074 | D:15     | Entered Level 15 of the Dungeon
 34077 | D:15     | Found Aplus's Armour Shoppe.
 34116 | D:15     | Bought the +3 crown of Dyrovepreva {rElec Int+2 SInv} for
                  | 745 gold pieces
 34116 | D:15     | Found the +3 crown of Dyrovepreva {rElec Int+2 SInv}
 34230 | D:15     | Found a staircase to the Depths.
 34465 | D:15     | Noticed Roxanne
 34979 | Vaults:1 | Entered Level 1 of the Vaults
 35020 | Vaults:1 | Received a gift from Trog
 35788 | Vaults:1 | Cast into level 3 of the Abyss (a wizard)
 35856 | Abyss:3  | Noticed a profane servitor
 35871 | Abyss:3  | Killed a profane servitor
 36063 | Abyss:3  | Received a gift from Trog
 36146 | Vaults:1 | Escaped the Abyss
 37339 | Vaults:2 | Received a gift from Trog
 37394 | Vaults:2 | Gained mutation: A powerful demonic guardian rushes to your
                  | aid. [demonic ancestry]
 37394 | Vaults:2 | Reached XP level 20. HP: 110/170 MP: 20/20
 37442 | Vaults:2 | Noticed Frederick
 37445 | Vaults:2 | Found a hazy altar of Hepliaklqana.
 37454 | Vaults:2 | Killed Frederick
 37769 | Vaults:2 | Got a heavily runed lead ring
 37770 | Vaults:2 | Identified the ring "Lakkuah" {+Fly rC+ Str+6 Stlth-} (You
                  | found it on level 2 of the Vaults)
 38005 | Vaults:2 | Reached skill level 22 in Unarmed Combat
 38035 | Vaults:2 | Received a gift from Trog
 38054 | Vaults:2 | Noticed Jory
 38316 | Vaults:2 | Killed Jory
 38319 | Vaults:2 | Paralysed by an ogre mage for 4 turns
 38779 | Vaults:2 | Found a staircase to the Crypt.
 38959 | Vaults:3 | Received a gift from Trog
 40297 | Temple   | Entered the Ecumenical Temple
 40311 | Temple   | Fell from the grace of Trog
 40311 | Temple   | Became a worshipper of Uskayaw the Reveler
 40607 | Vaults:3 | Reached * piety under Uskayaw
 40611 | Vaults:3 | Reached ** piety under Uskayaw
 40613 | Vaults:3 | Reached *** piety under Uskayaw
 40615 | Vaults:3 | Reached **** piety under Uskayaw
 40616 | Vaults:3 | Gained mutation: You are occasionally teleported next to
                  | monsters. [a neqoxec]
 40617 | Vaults:3 | Reached ***** piety under Uskayaw
 40625 | Vaults:3 | Reached ****** piety under Uskayaw
 40788 | Vaults:3 | Noticed Mennas
 40799 | Vaults:3 | Killed Mennas
 41530 | Vaults:3 | Gained mutation: You have a pair of large horns on your
                  | head. [demonic ancestry]
 41530 | Vaults:3 | Reached XP level 21. HP: 164/178 MP: 21/21
 42361 | Vaults:4 | Found Meexudusadd's Jewellery Shop.
 42999 | Vaults:4 | Reached skill level 23 in Unarmed Combat
 43735 | Elf:3    | Entered Level 3 of the Elven Halls
 43958 | Elf:3    | Found an ancient bone altar of Kikubaaqudgha.
 44857 | Elf:3    | Got a fine lead ring
 45449 | Elf:3    | Got a wavering bronze amulet
 45455 | Elf:3    | Identified the ring "Sodozx Qibo" {Wiz Str+4} (You took it
                  | off a deep elf elementalist on level 3 of the Elven Halls)
 45456 | Elf:3    | Identified the amulet "Plog" {Gourm rElec Dex+4} (You took
                  | it off a deep elf death mage on level 3 of the Elven Halls)
 45465 | Elf:3    | Got a flickering lapis lazuli ring
 45926 | Elf:3    | Got a scintillating marble ring
 45949 | Elf:3    | HP: 8/180 [deep troll[the rage of Trog] (2)]
 45949 | Elf:3    | Mangled by a deep troll

Vault maps used:
D:1:      dpeg_arrival_tiny_f
D:3:      first_ration, chequers_ecumenical_altar_grove,
          minmay_misc_feat_enclosed, minmay_misc_feat_diagonals,
          minmay_shallow_snake_nest
D:4:      lemuel_upstairs_altar, nicolae_overflow_hidden_temple,
          grunt_ministairs_6
D:5:      grunt_temple_overflow_magic_moments, kennysheep_mini_moat,
          nicolae_ru_great_annihilating_truth, uniq_grinder, uniq_ijyb,
          uniq_menkaure
D:6:      slow_altar_1
D:7:      temple_doors_e, gammafunk_ghost_grave, serial_shops,
          nicolae_shop_trees
D:8:      grunt_lair_entry_orc_guard_hut, uniq_joseph
D:9:      grunt_temple_overflow_open, david_nohive_1, uniq_harold, uniq_erica
D:10:     cheibrodos_wizards_tower, serial_column_ruins,
          column_ruins_hut_ruined, column_ruins_columns_corner,
          column_ruins_columns_straight, column_ruins_grid_3,
          column_ruins_open_small
D:11:     david_orc_4, uniq_snorg, uniq_fannar
D:12:     water_boxes_lemuel
D:13:     grunt_vaults_entry_tiered, special_room, abandoned_shop, uniq_azrael
D:14:     nicolae_ashenzari_panopticon, hangedman_decor_slide_cut,
          minmay_splitting_lines
D:15:     gammafunk_depths_entry_grave, serial_shops, shop,
          hangedman_decor_points, uniq_roxanne
Temple:   zaba_magenta_temple
Lair:1:   lemuel_fruit_fields, lemuel_fruit_fields, lemuel_fruit_fields
Lair:2:   statuecave_lemuel, minmay_swamp_entry_reptiles,
          minmay_snake_entry_guardpost_small, minmay_holes, grunt_megastairs_4,
          lemuel_fruit_tree
Lair:3:   serial_bayou_lagoon_b
Lair:5:   eino_small_chamber_without_monster, minmay_stone_trees_medium
Lair:6:   minmay_lair_end_enchanted_forest, slime_altar_1,
          infiniplex_staircase_pool_2
Swamp:1:  evilmike_swamp_ruin_house_5
Swamp:2:  nicolae_swamp_phyte_club, nicolae_swamp_round_clearing
Swamp:3:  infiniplex_staircase_pool, swamp_pool1
Swamp:4:  swamp_fiery, uniq_nikola
Snake:2:  uniq_vashnia
Snake:3:  serial_bayou_shore_a
Snake:4:  johnstein_snake_rune_scales, nrook_guardian_serpent_double, uniq_agnes
Orc:1:    minmay_orc_temple_b, uniq_gastronok
Orc:2:    st_orc_town, nicolae_alphabet_shops
Elf:1:    minmay_elf_crystal_hexagon
Elf:2:    uniq_louise
Elf:3:    minmay_elf_hall_spiked, basic_altar
Vaults:1: grunt_vaults_funnel, nicolae_vaults_arrows, v_misc_10, v_rooms_5,
          ontoclasm_vaults_misaligned, vaults_dpeg_ring,
          nicolae_vaults_specimen_jars, portal_desolation_entry_nicolae_nacl
Vaults:2: hangedman_vaults_slice, v_misc_27, v_misc_19, ontoclasm_vaults_spin,
          nicolae_vaults_what_the_h, grunt_vaults_trifunnel,
          ontoclasm_vaults_eye, ontoclasm_vaults_fault,
          nicolae_vaults_hallways_thing, minmay_crypt_entry_skeletal_spiral,
          vaults_dpeg_diagonal, vaults_dpeg_cross, grunt_vaults_hallway_long,
          vaults_dpeg_encased_lava, basic_altar, uniq_frederick, uniq_jory
Vaults:3: nicolae_vaults_circle_grid_a, nicolae_vaults_little_squares_4,
          nicolae_vaults_network_s, v_misc_18, hangedman_vaults_capsules,
          v_misc_12, nicolae_vaults_inception_scallops,
          vaults_mumra_chevron_long, nicolae_vaults_yaktaur_gun_rack,
          nicolae_vaults_display_case, nicolae_vaults_diagonal_hallway_8,
          hangedman_vaults_hat, vaults_room_door_ring, uniq_mennas
Vaults:4: nicolae_vaults_ninety_degrees, vaults_dpeg_hooks,
          hangedman_vaults_stagger, st_octagons_2, vaults_room_semicircle,
          v_misc_18, ontoclasm_vaults_ring_small, ontoclasm_vaults_pinch,
          vaults_room_door_ring, v_alt_pattern_4, vaults_room_octagon,
          ontoclasm_vaults_loading_screen, vaults_room_grid, serial_shops, shop
Abyss:4:  evilmike_abyss_exit_17, nicolae_abyss_rune_star_stuff,
          evilmike_abyss_exit_12

Skill      XL: |  1  2  3  4  5  6  7  8  9 10 11 12 13 14 15 16 17 18 19 20 21 |
---------------+----------------------------------------------------------------+-----
Dodging        | 2 3 5 8 |  8.0
Armour         | 2 3 4 5 6 8 9 10 11 12 13 14 15 16 17 | 17.7
Unarmed Combat | 3 4 5 6 8 9 11 12 14 15 16 18 19 20 21 22 23 | 23.5
Fighting       | 4 5 6 7 9 10 11 12 13 14 15 16 17 18 19 | 19.1

Action                   |  1- 3 |  4- 6 |  7- 9 | 10-12 | 13-15 | 16-18 | 19-21 || total
-------------------------+-------+-------+-------+-------+-------+-------+-------++-------
Melee: Unarmed           |   132 |   146 |   194 |   553 |  1031 |  1303 |  1287 ||  4646
       Punch             |     2 |     3 |     7 |    36 |    88 |   176 |   169 ||   481
       Headbutt          |       |       |    21 |   123 |   232 |   341 |   410 ||  1127
Invok: Berserk           |     2 |     4 |     4 |     6 |    20 |    11 |     5 ||    52
       Brothers in Arms  |       |       |     1 |     1 |    12 |     7 |     1 ||    22
       Trog's Hand       |       |       |       |     1 |     1 |       |       ||     2
Evoke: Wand              |       |       |       |       |     3 |       |       ||     3
  Use: Scroll            |     3 |     7 |    10 |     8 |     4 |    13 |    12 ||    57
       Potion            |       |       |     1 |       |     2 |     1 |     2 ||     6
 Stab: Distracted        |       |       |       |     4 |     3 |     4 |     9 ||    20
       Paralysed         |       |       |       |       |       |       |    38 ||    38
       Confused          |       |       |       |       |       |       |     1 ||     1
  Eat: Chunk             |     4 |    10 |    12 |    26 |    24 |    14 |    26 ||   116
       Ration            |       |       |       |     1 |    10 |     9 |     7 ||    27
Armor: Animal skin       |     4 |       |       |       |       |       |       ||     4
       Chain mail        |    25 |       |    15 |    20 |       |       |       ||    60
       Scale mail        |    12 |    27 |    34 |       |       |       |       ||    73
       Plate armour      |       |       |       |   124 |       |       |   365 ||   489
       Swamp dragon scal |       |       |       |    73 |   334 |   324 |       ||   731
       Quicksilver drago |       |       |       |       |   125 |       |       ||   125
       Fire dragon scale |       |       |       |       |       |   190 |    70 ||   260
Dodge: Dodged            |    59 |    81 |    98 |   296 |   722 |   730 |   713 ||  2699
       Deflected         |       |       |       |     2 |    53 |    92 |    85 ||   232

Table legend:
 A = Non-vault XP
 B = Vault XP
 C = Vault XP percentage of total XP
 D = Non-vault monster count
 E = Vault monster count
 F = Vault count percentage of total count
                 A         B        C        D         E       F
            +---------+---------+-------+---------+---------+-------
      Total |  396190 |  288240 |  42.1 |    1099 |     579 |  34.5
            +---------+---------+-------+---------+---------+-------
        D:1 |      31 |       0 |   0.0 |      19 |       0 |   0.0
        D:2 |      12 |       0 |   0.0 |       7 |       0 |   0.0
        D:3 |     138 |      16 |  10.4 |      24 |       3 |  11.1
        D:4 |     258 |      13 |   4.8 |      11 |       1 |   8.3
        D:5 |    1060 |     500 |  32.1 |      22 |       7 |  24.1
        D:6 |     631 |      21 |   3.2 |      30 |       1 |   3.2
        D:7 |     631 |     761 |  54.7 |      17 |       1 |   5.6
        D:8 |    1760 |    1071 |  37.8 |      31 |       6 |  16.2
        D:9 |    2660 |    3073 |  53.6 |      29 |      18 |  38.3
       D:10 |    4740 |    2560 |  35.1 |      24 |       4 |  14.3
       D:11 |    2177 |    2771 |  56.0 |      20 |      21 |  51.2
       D:12 |    3441 |       0 |   0.0 |      20 |       0 |   0.0
       D:13 |    6508 |    8945 |  57.9 |      28 |      46 |  62.2
       D:14 |    4586 |       0 |   0.0 |      23 |       0 |   0.0
       D:15 |    6788 |    3792 |  35.8 |      25 |       8 |  24.2
     Lair:1 |    2930 |       0 |   0.0 |      12 |       0 |   0.0
     Lair:2 |    3430 |    2145 |  38.5 |      15 |      11 |  42.3
     Lair:3 |    5180 |       0 |   0.0 |      23 |       0 |   0.0
     Lair:4 |    5641 |       0 |   0.0 |      19 |       0 |   0.0
     Lair:5 |    5208 |       0 |   0.0 |      18 |       0 |   0.0
     Lair:6 |    5930 |    8435 |  58.7 |      22 |      47 |  68.1
    Swamp:1 |    6918 |       0 |   0.0 |      22 |       0 |   0.0
    Swamp:2 |    9476 |    7852 |  45.3 |      31 |       5 |  13.9
    Swamp:3 |   23521 |    7695 |  24.7 |      45 |       7 |  13.5
    Swamp:4 |    8601 |   11330 |  56.8 |      19 |      20 |  51.3
    Snake:1 |   18831 |       0 |   0.0 |      41 |       0 |   0.0
    Snake:2 |   20804 |    5147 |  19.8 |      33 |       5 |  13.2
    Snake:3 |    7304 |       0 |   0.0 |      13 |       0 |   0.0
    Snake:4 |   23310 |   43500 |  65.1 |      53 |      72 |  57.6
      Orc:1 |    2606 |    3168 |  54.9 |      30 |      12 |  28.6
      Orc:2 |    1225 |    6381 |  83.9 |      15 |      54 |  78.3
      Elf:1 |   23036 |    4922 |  17.6 |      37 |       9 |  19.6
      Elf:2 |   19707 |   19874 |  50.2 |      32 |      29 |  47.5
      Elf:3 |   15847 |   42722 |  72.9 |      27 |      31 |  53.4
   Vaults:1 |   33310 |   19627 |  37.1 |      63 |      39 |  38.2
   Vaults:2 |   33297 |   33002 |  49.8 |      57 |      57 |  50.0
   Vaults:3 |   38374 |   26938 |  41.2 |      58 |      41 |  41.4
   Vaults:4 |   12438 |   21232 |  63.1 |      22 |      20 |  47.6
    Abyss:3 |   15970 |       0 |   0.0 |      28 |       0 |   0.0
    Abyss:4 |   17875 |     747 |   4.0 |      34 |       4 |  10.5
            +---------+---------+-------+---------+---------+-------
